 Dungeon Crawl Stone Soup version 0.26-a0-661-g406de6ba63 (webtiles) character file.

Game seed: 6237091146053348718

266 tacoguy the Covered (level 6, -3/53 HPs)
             Began as a Minotaur Fighter on Oct 9, 2020.
             Slain by Pikel
             ... wielding a +0 whip of electrocution
              (17 damage)
             ... on level 3 of the Dungeon.
             The game lasted 00:09:39 (3257 turns).

tacoguy the Covered (Minotaur Fighter)              Turns: 3257, Time: 00:09:40

Health: -3/53      AC:  7    Str: 23    XL:     6   Next: 0%
Magic:  5/5        EV:  8    Int:  5    God:
Gold:   156        SH: 10    Dex:  9    Spells: 5/5 levels left

rFire    . . .     SeeInvis .   a - +0 rapier
rCold    . . .     Faith    .   c - +0 kite shield
rNeg     + . .     Spirit   .   b - +0 scale mail
rPois    .         Reflect  .   (helmet restricted)
rElec    .         Harm     .   (no cloak)
rCorr    .         Rampage  .   (no gloves)
MR       .....                  (no boots)
Stlth    ..........             e - amulet of the acrobat
HPRegen  0.17/turn              k - ring of positive energy
MPRegen  0.09/turn              (no ring)

@: no status effects
A: retaliatory headbutt, horns 2
a: no special abilities


You were on level 3 of the Dungeon.
You visited 1 branch of the dungeon, and saw 4 of its levels.

You collected 156 gold pieces.

Inventory:

Hand Weapons
 a - a +0 rapier (weapon)
Armour
 b - a +0 scale mail (worn)
 c - a +0 kite shield (worn)
Jewellery
 e - an amulet of the acrobat (around neck)
 k - a ring of positive energy (left hand)
Wands
 o - a wand of flame (14)
Scrolls
 f - a scroll of magic mapping {unknown}
 h - a scroll of teleportation
Potions
 d - 2 potions of might
 g - a potion of mutation {unknown}
 i - a potion of flight
 j - 2 potions of curing
 l - a potion of stabbing
 p - a potion of degeneration {unknown}


   Skills:
 + Level 4.3 Fighting
 + Level 4.5 Short Blades
 + Level 5.0 Armour
 + Level 1.4 Dodging
 + Level 0.2 Stealth
 + Level 4.8 Shields


You had 5 spell levels left.
You didn't know any spells.
Your spell library was empty.

Dungeon Overview and Level Annotations

Branches:
Dungeon (4/15)
 Temple: D:4-7

Altars:
Kikubaaqudgha
Ru
The Shining One

Annotations:
D:3 Pikel


Innate Abilities, Weirdness & Mutations

You reflexively headbutt those who attack you in melee.
You have a pair of horns on your head.


Message History

The lemure hits you but does no damage. The orc hits you but does no damage.
The lemure closely misses you. You furiously retaliate!
You headbutt the lemure!
Pikel hits you with a +0 whip of electrocution.
You are electrocuted!
* * * LOW HITPOINT WARNING * * *
The jackal bites you.
* * * LOW HITPOINT WARNING * * *
You feel better. The jackal bites you.
* * * LOW HITPOINT WARNING * * *
The lemure hits you but does no damage. The orc closely misses you.
You furiously retaliate!
You headbutt the orc!
You kill the orc!
You have reached level 6!
Your experience leads to an increase in your attributes!
Increase (S)trength, (I)ntelligence, or (D)exterity?
You feel stronger. You block the lemure's attack.
Pikel hits you but does no damage.
You are electrocuted!
You die...

#.# #.....##..## #.# #.#
##.........######.# #.#
#................# #.#
#..........#..####
##.######### #..........#..#
#..........###..........#..#
#.......[...............#..#
#..........###55h.......#..#
#..........# #†@#.#####.#..#
#..........# #)K#.# #.#..###
#..........# #..#.#
#.#....### #..........#
#..#.# #.P...P..#
############ #..#.#
#.P....... #..#.# #PPP.#....
#..#.# ##P..###...
#..#.####..P.......
#..#......P........


You could see Pikel, 2 lemures and a jackal.

Vanquished Creatures
  A lemure (D:3)
  An orc priest (D:3)
  Natasha (thrice) (D:2)
  An orc wizard (D:3)
  3 adders (D:2)
  2 oozes
  4 worms
  6 dart slugs
  2 leopard geckos
  4 orcs (D:3)
  2 ball pythons
  10 bats
  7 goblins
  7 hobgoblins
  10 jackals
  4 kobolds
  A quokka (D:3)
  3 frilled lizards
  6 rats
77 creatures vanquished.

Vanquished Creatures (others)
  A withered plant (D:3)
1 creature vanquished.

Grand Total: 78 creatures vanquished

Notes
Turn   | Place    | Note
-------+----------+-------------------------------------------
     0 | D:1      | tacoguy the Minotaur Fighter began the quest for the Orb.
     0 | D:1      | Reached XP level 1. HP: 19/19 MP: 0/0
   107 | D:1      | Reached XP level 2. HP: 25/27 MP: 1/1
   237 | D:1      | Reached skill level 4 in Armour
   320 | D:1      | Reached XP level 3. HP: 33/33 MP: 2/2
   852 | D:2      | Found a glowing golden altar of the Shining One.
  1090 | D:2      | Reached XP level 4. HP: 33/40 MP: 3/3
  1160 | D:2      | Noticed Natasha
  1170 | D:2      | Killed Natasha
  1326 | D:2      | Found a faded altar of an unknown god.
  1351 | D:2      | Reached skill level 1 in Dodging
  1369 | D:2      | Found a sacrificial altar of Ru.
  1535 | D:2      | Noticed Natasha
  1544 | D:2      | Killed Natasha
  1544 | D:2      | Reached XP level 5. HP: 7/46 MP: 4/4
  1738 | D:2      | Noticed Natasha
  1759 | D:2      | Killed Natasha
  2466 | D:3      | Found an ancient bone altar of Kikubaaqudgha.
  2659 | D:3      | Reached skill level 5 in Armour
  3097 | D:4      | Noticed Pikel
  3097 | D:4      | Noticed a lemure
  3097 | D:4      | Noticed a lemure
  3097 | D:4      | Noticed a lemure
  3098 | D:4      | Noticed a lemure
  3112 | D:3      | Killed a lemure
  3257 | D:3      | Reached XP level 6. HP: 14/53 MP: 5/5
  3257 | D:3      | Slain by Pikel

Illustrated notes

Levels and vault maps discovered:
D:1:      dpeg_arrival_rooms_c, layout_loops_cross, minivault_26
D:2:      layout_basic, lemuel_doored_altar, lemuel_crystal_altar,
          chequers_ecumenical_altar_simple_redux, uniq_natasha
D:3:      layout_basic, kiku_gazebo_garden_becter
D:4:      layout_cave_pools, lemuel_round_altar,
          nicolae_gozag_cash_rules_everything_around_me, uniq_pikel

Skill      XL: |  1  2  3  4  5 |
---------------+----------------+-----
Armour         | 4 5 |  5.0
Fighting       | 4 |  4.3
Shields        | 4 |  4.8
Short Blades   | 3 4 |  4.5
Dodging        | 1 |  1.4
Stealth        | |  0.2

Action                   |  1- 3 |  4- 6 || total
-------------------------+-------+-------++-------
Melee: Rapier            |    83 |   125 ||   208
       Headbutt          |     7 |    17 ||    24
  Use: Scroll            |     1 |     6 ||     7
       Potion            |       |     1 ||     1
Armor: Scale mail        |    34 |    32 ||    66
Dodge: Dodged            |    40 |    71 ||   111
Block: Kite shield       |    34 |    71 ||   105

Table legend: (Time is in decaauts)
 A = Elapsed time spent in this place.
 B = Non-inter-level travel time spent in this place.
 C = Inter-level travel time spent in this place.
 D = Time resting spent in this place.
 E = Time spent auto-exploring this place.
 F = Levels seen in this place.
 G = Mean time per level.
                   A        B        C        D        E       F      G
               +--------+--------+--------+--------+--------+-----+--------+
         Total |   3289 |   3208 |     81 |    556 |   2051 |   4 |  822.2 |
       Dungeon |   3289 |   3208 |     81 |    556 |   2051 |   4 |  822.2 |
               +--------+--------+--------+--------+--------+-----+--------+

Top non-repeatable levels by time:
     D:2: 1291 daAuts
     D:3: 1155 daAuts
     D:1: 835 daAuts
     D:4: 6 daAuts
